[Event "ICC tourney 3160 (40 10)"]
[Site "Internet Chess Club"]
[Date "2023.04.01"]
[Round "5"]
[White "BHOSALE, ARNAV:avbhosale"]
[Black "yacob, bishoy:bishoy3297"]
[Result "1-0"]
[ICCResult "Black checkmated"]
[WhiteElo "1315"]
[BlackElo "1034"]
[Opening "Sicilian: Najdorf"]
[ECO "B90"]
[NIC "SI.14"]
[Time "20:00:30"]
[PlyCount "117"]
[TimeControl "2400+10"]

1. e4 c5 2. Nf3 d6 3. d4 cxd4 4. Nxd4 Nf6 5. Nc3 a6 6. f3 e5 7. Nde2 Be6 8.
Ng3 Be7 9. Be3 O-O 10. Be2 Nbd7 11. O-O Rc8 12. Nd5 Bxd5 13. exd5 Nb6 14. c4
Nxc4 15. Bxc4 Rxc4 16. Qb3 Qc8 17. Rac1 b5 18. Qd3 Qb7 19. Nf5 Re8 20. Bg5
Qxd5 21. Qxd5 Nxd5 22. Bxe7 Nxe7 23. Rxc4 bxc4 24. Nxd6 Rb8 25. Nxc4 f6 26.
Rd1 Nc6 27. Rd6 Nb4 28. a3 Nc2 29. Rxa6 Kf7 30. Rb6 Rd8 31. Kf2 Ra8 32. g4
h6 33. h4 g6 34. Nd6+ Ke7 35. Ne4 Rf8 36. g5 f5 37. Nf6 hxg5 38. hxg5 Ra8
39. Nd5+ Kf7 40. Rf6+ Kg7 41. Re6 e4 42. fxe4 fxe4 43. Rxe4 Nxa3 44. bxa3
Rxa3 45. Nf6 Ra2+ 46. Kf3 Ra1 47. Re2 Ra3+ 48. Re3 Ra1 49. Kf4 Rf1+ 50. Rf3
Ra1 51. Ne4 Ra4 52. Ke5 Ra5+ 53. Ke6 Ra6+ 54. Nd6 Ra1 55. Ne8+ Kh7 56. Rh3+
Kg8 57. Nf6+ Kg7 58. Rh7+ Kf8 59. Rf7# {Black checkmated} 1-0